 Dungeon Sprint DCSS version 0.27-a0-463-gec7707c53d (webtiles) character file.

Game seed: 9929962396427860178

68849 rocky1 the Metallomancer (level 14, -36/130 HPs)
             Began as a Grey Draconian Earth Elementalist on Mar 1, 2021.
             Was the Champion of Sif Muna.
             Killed from afar by an ancient lich (80 damage)
             ... with a crystal spear
             ... in the Dungeon (Sprint VII: "The Pits").
             The game lasted 00:55:15 (4922 turns).

rocky1 the Metallomancer (DrEE)                     Turns: 4922, Time: 00:55:16

Health: -36/130    AC: 18    Str: 16    XL:     14   Next: 88%
Magic:  8/42       EV: 20    Int: 22    God:    Sif Muna [******]
Gold:   35         SH:  6    Dex: 13    Spells: 9/43 levels left

rFire    . . .     SeeInvis .   A - staff of earth
rCold    . . .     Faith    .   h - +0 buckler
rNeg     + . .     Spirit   .   (armour unavailable)
rPois    +         Reflect  .   (helmet restricted)
rElec    .         Harm     .   u - +2 cloak {rPois}
rCorr    .         Rampage  .   (no gloves)
Will     ++...     NoTele   +   L - +1 pair of boots
Stlth    +++.......             (no amulet)
HPRegen  0.31/turn              y - ring "Xalezami" {Will+ Str+6 Int+2}
MPRegen  0.28/turn              C - ring of Interdependent Arising {rN+ MP+9 Stlth+}

@: no status effects
A: walk through water, unfitting armour, blurry vision 1, deterioration 1,
unbreathing, cold-blooded, AC +13
a: Renounce Religion, Channel Magic, Forget Spell, Divine Exegesis


You were in the Dungeon.
You worshipped Sif Muna.
Sif Muna was exalted by your worship.
You visited 1 branch You collected 35 gold pieces.

Inventory:

Hand Weapons
 l - a +1 quarterstaff of protection
 r - a +4 quarterstaff of speed
 s - a +1 broad axe of flaming
 E - a +4 scimitar of flaming
 M - the +9 long sword "Rimeul" {speed, rElec}
   (You found it in the Dungeon)

   Attacks with this weapon are significantly faster.
   It insulates you from electricity.
 N - a +6 double sword
Missiles
 k - 12 poisoned darts
 B - 52 stones
Armour
 h - a +0 buckler (worn)
 u - a +2 cloak of poison resistance (worn)
 K - the +2 cloak "Umuohis" {Rampage *Drain rC+ Regen+}
   (You found it in the Dungeon)

   It protects you from cold.
   It increases your rate of regeneration.
   It causes draining when unequipped.
   It bestows one free step when moving towards enemies.
 L - a +1 pair of boots (worn)
 O - a +0 kite shield
Magical Staves
 A - a staff of earth (weapon)
 F - a staff of poison
 G - a staff of cold
 H - a staff of fire
Jewellery
 m - a +3 ring of dexterity
 n - the ring of Yqegecop {*Drain rPois rC++}
   (You found it in the Dungeon)

   [ring of poison resistance]

   It greatly protects you from cold.
   It protects you from poison.
   It causes draining when unequipped.
 y - the ring "Xalezami" (left hand) {Will+ Str+6 Int+2}
   (You took it off a yaktaur in the Dungeon)

   [ring of willpower]

   It affects your strength (+6).
   It affects your intelligence (+2).
   It affects your willpower, your defense against some magical effects.
 C - the ring of Interdependent Arising (right hand) {rN+ MP+9 Stlth+}
   (You found it in the Dungeon)

   [ring of magical power]

   It protects you from negative energy.
   It affects your magic capacity (+9).
   It makes you more stealthy.
Wands
 f - a wand of paralysis (10)
 t - a wand of acid (8)
Scrolls
 i - 5 scrolls of amnesia
 j - a scroll of summoning
 q - a scroll of fear
 v - 2 scrolls of fog
 w - 3 scrolls of enchant weapon
 x - 2 scrolls of enchant armour
 z - 3 scrolls of identify
Potions
 a - 2 potions of invisibility
 c - 9 potions of curing
 d - 7 potions of heal wounds
 e - 3 potions of haste
 g - 3 potions of berserk rage
 o - a potion of brilliance
 p - 2 potions of mutation
 D - a potion of resistance
Miscellaneous
 b - a phantom mirror
 I - a lightning rod (4/4)
 J - a box of beasts


   Skills:
 + Level 13.8 Fighting
 + Level 6.2 Long Blades
 - Level 12.0 Staves
 + Level 13.9 Dodging
 - Level 1.7 Stealth
 + Level 9.4 Shields
 + Level 15.2 Spellcasting
 + Level 11.2 Conjurations
 - Level 8.3 Translocations
 - Level 14.0 Transmutations
 + Level 10.4 Fire Magic
 - Level 21.4 Earth Magic
 - Level 13.3 Invocations


You had 9 spell levels left.
You knew the following spells:

 Your Spells              Type           Power        Failure   Level
a - Sandblast             Erth           100%         0%          1
b - Stone Arrow           Conj/Erth      100%         0%          3
c - Lee's Rapid Deconstr  Erth           52%          0%          5
d - Statue Form           Tmut/Erth      64%          1%          6
e - Petrify               Tmut/Erth      97%          1%          4
f - Lehudib's Crystal Sp  Conj/Erth      46%          28%         8
g - Blink                 Tloc           N/A          1%          2
h - Fireball              Conj/Fire      29%          1%          5

Your spell library contained the following spells:

 Spells                   Type           Power        Failure   Level
 Beastly Appendage        Tmut           100%         0%          1
 Passwall                 Tmut/Erth      80%          0%          2
 Apportation              Tloc           100%         1%          1
 Foxfire                  Conj/Fire      100%         1%          1
 Shock                    Conj/Air       100%         1%          1
 Searing Ray              Conj           100%         1%          2
 Conjure Flame            Conj/Fire      59%          1%          3
 Gell's Gravitas          Tloc           26%          1%          3
 Ignite Poison            Fire/Tmut/Pois 51%          1%          3
 Inner Flame              Hex/Fire       39%          1%          3
 Lesser Beckoning         Tloc           26%          1%          3
 Portal Projectile        Hex/Tloc       70%          1%          3
 Static Discharge         Conj/Air       41%          1%          3
 Teleport Other           Tloc           52%          1%          3
 Ice Form                 Ice/Tmut       47%          1%          4
 Leda's Liquefaction      Hex/Erth       38%          1%          4
 Manifold Assault         Tloc           52%          1%          4
 Passage of Golubria      Tloc           N/A          1%          4
 Sticky Flame             Conj/Fire      59%          1%          4
 Bolt of Magma            Conj/Fire/Erth 44%          1%          5
 Borgnjor's Vile Clutch   Necr/Erth      38%          1%          5
 Irradiate                Conj/Tmut      32%          1%          5
 Iron Shot                Conj/Erth      46%          1%          6
 Mephitic Cloud           Conj/Pois/Air  33%          2%          3
 Corona                   Hex            17%          3%          1
 Fulminant Prism          Conj/Hex       20%          3%          4
 Hailstorm                Conj/Ice       41%          3%          4
 Call Imp                 Summ           16%          5%          2
 Corpse Rot               Necr/Air       N/A          5%          2
 Ensorcelled Hibernation  Hex/Ice        32%          5%          2
 Swiftness                Air            16%          5%          2
 Alistair's Intoxication  Tmut/Pois      31%          5%          5
 Yara's Violent Unravell  Hex/Tmut       23%          5%          5
 Starburst                Conj/Fire      29%          6%          6
 Lightning Bolt           Conj/Air       20%          10%         5
 Dragon Form              Tmut           34%          10%         7
 Confusing Touch          Hex            16%          11%         3
 Ozocubu's Armour         Ice            16%          11%         3
 Dispersal                Tloc           26%          17%         6
 Summon Forest            Summ/Tloc      17%          19%         5
 Eringya's Noxious Bog    Tmut/Pois      23%          30%         6
 Airstrike                Air            8%           34%         4
 Cause Fear               Hex            8%           34%         4
 Dispel Undead            Necr           16%          34%         4
 Olgreb's Toxic Radiance  Pois           16%          34%         4
 Summon Lightning Spire   Summ/Air       16%          34%         4
 Conjure Ball Lightning   Conj/Air       20%          47%         6
 Shatter                  Erth           52%          47%         9
 Excruciating Wounds      Necr           8%           69%         5
 Freezing Cloud           Conj/Ice/Air   16%          75%         6
 Spellforged Servitor     Conj/Summ      20%          96%         7
 Ignition                 Fire           29%          97%         8
 Death Channel            Necr           8%           99%         6
 Simulacrum               Ice/Necr       8%           99%         6
 Malign Gateway           Summ/Tloc      17%          99%         7
 Haunt                    Necr/Summ      8%           100%        7
 Monstrous Menagerie      Summ           8%           100%        7
 Disjunction              Tloc           26%          100%        8
 Infestation              Necr           8%           100%        8
 Necromutation            Tmut/Necr      23%          100%        8
 Absolute Zero            Ice            8%           100%        9
 Dragon's Call            Summ           8%           100%        9
 Fire Storm               Conj/Fire      29%          100%        9
 Tornado                  Air            8%           100%        9


Dungeon Overview and Level Annotations

Branches:
Dungeon (1/1)

Altars:
Ashenzari
Cheibriados
Dithmenos
Elyvilon
Fedhas
Gozag
Hepliaklqana
Kikubaaqudgha
Makhleb
Nemelex Xobeh
Okawaru
Qazlal
Ru
Sif Muna
Trog
Uskayaw
Vehumet
Wu Jian
Xom
Yredelemnul
Zin
The Shining One
Beogh
Jiyva
Lugonu


Innate Abilities, Weirdness & Mutations

You can walk through water.
Your dull iron-grey scales are very hard. (AC +13)
You cannot fit into any form of body armour.
You can survive without breathing.
You are cold-blooded and may be slowed by cold attacks.
Scrolls take you a little longer to read.
Your body sometimes deteriorates upon taking damage.


Message History

The ancient lich is heavily damaged.
The ancient lich touches you but does no damage.
Your life force feels restored.
Your Long Blades skill increases to level 6!
Your Conjurations skill increases to level 11!
Unknown command.
Casting: Lee's Rapid Deconstruction (safe; 0% risk of failure)
Confirm with . or Enter, or press ? or * to list all spells.
Aiming: Lee's Rapid Deconstruction (safe; 0% risk of failure)
Press: ? - help, Dir - move target A metal wall.
You feel a surge of power!
The metal wall shatters!
The blast of metal fragments hits the ancient lich but does no damage.
The ancient lich is heavily damaged.
The ancient lich gestures at you while chanting.
You struggle to resist.
A bone dragon comes into view.
The ancient lich barely misses you.
Casting: Lee's Rapid Deconstruction (safe; 0% risk of failure)
Confirm with . or Enter, or press ? or * to list all spells.
Aiming: Lee's Rapid Deconstruction (safe; 0% risk of failure)
Press: ? - help, Dir - move target A metal wall.
You feel a surge of power!
The metal wall shatters!
The blast of metal fragments hits the ancient lich!!
The ancient lich is severely damaged.
You feel less invigorated.
You hear a roar!
The ancient lich touches you but does no damage.
You hear a roar!
Casting: Lee's Rapid Deconstruction (safe; 0% risk of failure)
Confirm with . or Enter, or press ? or * to list all spells.
You don't have enough magic to cast this spell.
Unknown command.
You hear a roar!
The ancient lich completely misses you.
The ancient lich points at you and mumbles some strange words.
The crystal spear hits you!!!!
Ouch! That really hurt!
You die...

))##############..#
)...#[[[[#[[#[[#..#
....##''##[[#[.#.)#
....#....#.....#..#
..###....####..#..#
........)...'..#..#
.........####..#..#
...####..#.....#..#
...#((#..#[[#[[#@.#
..##(('..#.[#[[#)L#
################D[#
#')# ...# #))##
##): .)# #.:


You could see a bone dragon and an ancient lich (fast).

Vanquished Creatures
  Boris (D)
  2 liches (D)
  A deep elf blademaster (D)
  A sphinx (D)
  Donald (D)
  A draconian monk (D)
  A storm dragon (D)
  2 orc warlords (D)
  2 deep elf demonologists (D)
  Azrael (D)
  2 deep elf annihilators (D)
  2 purple draconians (D)
  A minotaur (D)
  A red draconian (D)
  A yellow draconian (D)
  An ettin (D)
  A deep elf death mage (D)
  Harold (D)
  A deep elf high priest (D)
  A yaktaur captain (D)
  Erolcha (D)
  2 vault guards (D)
  An ogre mage (D)
  A centaur warrior (D)
  A two-headed ogre (D)
  An alligator (D)
  A vampire mage (D)
  5 hell knights (D)
  2 sixfirhies (D)
  2 fire crabs (D)
  3 deep elf knights (D)
  4 skeletal warriors (D)
  2 deep trolls (D)
  A sea snake (D)
  A flayed ghost (D)
  A swamp dragon (D)
  12 orc knights (D)
  A wizard (D)
  Pikel (D)
  4 phantasmal warriors (D)
  A necromancer (D)
  2 lindwurms (D)
  5 manticores (D)
  2 merfolk sirens (D)
  A naga mage (D)
  Maurice (D)
  A black mamba (D)
  A molten gargoyle (D)
  2 gargoyles (D)
  2 cane toads (D)
  A demonic crawler (D)
  3 yaktaurs (D)
  A guardian mummy (D)
  2 trolls (D)
  2 wind drakes (D)
  A red devil (D)
  A tyrant leech (D)
  2 hornets (D)
  A snapping turtle (D)
  A shadow (D)
  2 redbacks (D)
  A flying skull (D)
  A vampire (D)
  A tarantella (D)
  6 yaks (D)
  A water elemental (D)
  A spriggan (D)
  A wyvern (D)
  A wraith (D)
  2 fire elementals (D)
  A chaos spawn (D)
  2 neqoxecs (D)
  A steam dragon (D)
  2 nagas (D)
  2 hell hounds (D)
  A soldier ant (D)
  Duvessa (D)
  A floating eye (D)
  2 eyes of draining (D)
  5 wolves (D)
  A centaur (D)
  A phantom (D)
  2 lemures (D)
  A kobold brigand (D)
  A bullfrog (D)
  A scorpion (D)
  Dowan (D)
  2 orc priests (D)
  A gnoll shaman (D)
  A jelly (D)
  3 orc wizards (D)
  A worker ant (D)
  3 gnolls (D)
  An adder (D)
  3 ufetubi (D)
  An ooze (D)
  An adder skeleton (D)
  5 orcs (D)
  A bat (D)
  3 goblins (D)
  A hobgoblin (D)
  2 jackals (D)
  2 quokkas (D)
  A giant cockroach zombie (D)
  A kobold (D)
  A rat (D)
182 creatures vanquished.

Vanquished Creatures (others)
  An adder zombie (D)
  A ball python simulacrum (D)
2 creatures vanquished.

Grand Total: 184 creatures vanquished

Notes
Turn   | Place    | Note
-------+----------+-------------------------------------------
     0 | D        | rocky1 the Draconian Earth Elementalist began the quest for
                  | the Orb.
     0 | D        | Reached XP level 1. HP: 14/14 MP: 3/3
    28 | D        | Found a bloodstained altar of Trog.
    28 | D        | Found a shimmering blue altar of Sif Muna.
    28 | D        | Found a viscous altar of Jiyva.
    28 | D        | Found a hazy altar of Hepliaklqana.
    28 | D        | Found an opulent altar of Gozag.
    29 | D        | Found a glowing golden altar of the Shining One.
    29 | D        | Found a glowing silver altar of Zin.
    29 | D        | Found a basalt altar of Yredelemnul.
    29 | D        | Found a shimmering altar of Xom.
    29 | D        | Found an ornate altar of the Wu Jian Council.
    29 | D        | Found a sacrificial altar of Ru.
    29 | D        | Found a stormy altar of Qazlal.
    29 | D        | Found an iron altar of Okawaru.
    29 | D        | Found a sparkling altar of Nemelex Xobeh.
    29 | D        | Found a burning altar of Makhleb.
    29 | D        | Found a blossoming altar of Fedhas.
    29 | D        | Found a white marble altar of Elyvilon.
    29 | D        | Found a shadowy altar of Dithmenos.
    29 | D        | Found a snail-covered altar of Cheibriados.
    32 | D        | Found a corrupted altar of Lugonu.
    32 | D        | Found a radiant altar of Vehumet.
    32 | D        | Found a roughly hewn altar of Beogh.
    33 | D        | Found an ancient bone altar of Kikubaaqudgha.
    33 | D        | Found a hide-covered altar of Uskayaw.
    33 | D        | Found a broken altar of Ashenzari.
    34 | D        | Became a worshipper of Sif Muna the Loreminder
    79 | D        | Reached skill level 4 in Earth Magic
    80 | D        | Reached skill level 5 in Earth Magic
    80 | D        | Reached XP level 2. HP: 20/20 MP: 1/5
   123 | D        | Reached * piety under Sif Muna
   192 | D        | Reached ** piety under Sif Muna
   193 | D        | Reached skill level 6 in Earth Magic
   379 | D        | Reached XP level 3. HP: 26/26 MP: 3/6
   434 | D        | Learned a level 3 spell: Stone Arrow
   443 | D        | Noticed a kobold brigand
   451 | D        | Reached *** piety under Sif Muna
   452 | D        | Reached skill level 7 in Earth Magic
   458 | D        | Reached skill level 8 in Earth Magic
   459 | D        | Reached skill level 9 in Earth Magic
   459 | D        | Reached XP level 4. HP: 33/33 MP: 2/7
   465 | D        | Killed a kobold brigand
   465 | D        | Reached **** piety under Sif Muna
   466 | D        | Reached skill level 11 in Earth Magic
   466 | D        | Reached XP level 5. HP: 35/38 MP: 5/8
   473 | D        | Reached skill level 1 in Invocations
   475 | D        | Reached ***** piety under Sif Muna
   475 | D        | Identified Sif Muna's Volume of Slavery and Envenoming (Sif
                  | Muna gifted it to you in the Dungeon)
   475 | D        | Received a gift from Sif Muna
   476 | D        | Reached skill level 12 in Earth Magic
   476 | D        | Reached XP level 6. HP: 31/45 MP: 5/10
   570 | D        | Learned a level 5 spell: Lee's Rapid Deconstruction
   594 | D        | Noticed a hornet
   600 | D        | Killed a hornet
   601 | D        | Reached skill level 5 in Spellcasting
   601 | D        | Reached skill level 5 in Invocations
   890 | D        | Noticed a flying skull
   890 | D        | Noticed a floating eye
   891 | D        | Killed a flying skull
   891 | D        | Killed a floating eye
   892 | D        | Reached skill level 13 in Earth Magic
   892 | D        | Your scales start taking on a dull iron-grey colour.
   892 | D        | Reached skill level 15 in Earth Magic
   892 | D        | Reached XP level 7. HP: 40/50 MP: 8/16
   892 | D        | Gained mutation: You can survive without breathing. [Grey
                  | Draconian growth]
   980 | D        | Noticed Pikel
   980 | D        | Noticed a deep troll
   980 | D        | Noticed a troll
   985 | D        | Killed Pikel
   985 | D        | Identified Sif Muna's Catalogue of Shifting Clay (Sif Muna
                  | gifted it to you in the Dungeon)
   985 | D        | Received a gift from Sif Muna
   985 | D        | Killed a troll
   986 | D        | Reached skill level 16 in Earth Magic
   986 | D        | Reached XP level 8. HP: 57/57 MP: 6/20
   989 | D        | Killed a deep troll
   990 | D        | Reached XP level 9. HP: 68/68 MP: 10/21
  1016 | D        | Learned a level 6 spell: Statue Form
  1127 | D        | Learned a level 4 spell: Petrify
  1141 | D        | Reached skill level 10 in Invocations
  1195 | D        | Reached skill level 5 in Transmutations
  1207 | D        | Identified Sif Muna's Incunabulum of Freezing Confrontation
                  | (Sif Muna gifted it to you in the Dungeon)
  1207 | D        | Received a gift from Sif Muna
  1414 | D        | Noticed a guardian mummy
  1415 | D        | Reached skill level 5 in Fighting
  1415 | D        | Reached skill level 17 in Earth Magic
  1416 | D        | Killed a guardian mummy
  1417 | D        | Reached skill level 5 in Staves
  1417 | D        | Reached skill level 5 in Dodging
  1562 | D        | Noticed a manticore
  1566 | D        | Noticed a wind drake
  1566 | D        | Killed a manticore
  1566 | D        | Received a gift from Sif Muna
  1566 | D        | Noticed a yaktaur
  1567 | D        | Reached XP level 10. HP: 66/83 MP: 12/23
  1578 | D        | Identified Sif Muna's Tome of Quantum Transmigration (Sif
                  | Muna gifted it to you in the Dungeon)
  1578 | D        | Received a gift from Sif Muna
  1580 | D        | Noticed a gargoyle
  1581 | D        | Killed a gargoyle
  1603 | D        | Noticed Maurice
  1605 | D        | Killed Maurice
  1611 | D        | Noticed a skeletal warrior
  1613 | D        | Noticed a skeletal warrior
  1614 | D        | Noticed a manticore
  1615 | D        | Noticed a skeletal warrior
  1616 | D        | Noticed a molten gargoyle
  1617 | D        | Noticed Harold
  1617 | D        | Noticed a skeletal warrior
  1618 | D        | Killed a skeletal warrior
  1618 | D        | Killed a manticore
  1618 | D        | Noticed a merfolk siren
  1619 | D        | Reached skill level 10 in Spellcasting
  1620 | D        | Killed a molten gargoyle
  1620 | D        | Noticed a manticore
  1623 | D        | Killed a skeletal warrior
  1623 | D        | Identified Sif Muna's Compendium of the Birds and
                  | Displacement (Sif Muna gifted it to you in the Dungeon)
  1623 | D        | Received a gift from Sif Muna
  1626 | D        | Killed a skeletal warrior
  1626 | D        | Killed a skeletal warrior
  1626 | D        | Reached ****** piety under Sif Muna
  1626 | D        | Noticed a deep troll
  1627 | D        | Reached skill level 18 in Earth Magic
  1627 | D        | Reached XP level 11. HP: 63/95 MP: 0/25
  1627 | D        | Noticed a phantasmal warrior
  1631 | D        | Killed a deep troll
  1632 | D        | Identified Cuafij's Handbook of the Arsonist and Ice (Sif
                  | Muna gifted it to you in the Dungeon)
  1632 | D        | Received a gift from Sif Muna
  1633 | D        | Killed a phantasmal warrior
  1634 | D        | Killed Harold
  1637 | D        | Noticed a lindwurm
  1640 | D        | Killed a lindwurm
  1914 | D        | Noticed a two-headed ogre
  1917 | D        | Killed a two-headed ogre
  2004 | D        | Noticed Duvessa
  2004 | D        | Noticed Dowan
  2006 | D        | Killed Dowan
  2007 | D        | Identified Kiofrygu's Almanac of Glacial Earth (Sif Muna
                  | gifted it to you in the Dungeon)
  2007 | D        | Received a gift from Sif Muna
  2008 | D        | Killed Duvessa
  2235 | D        | Noticed a fire crab
  2242 | D        | Killed a fire crab
  2243 | D        | Reached skill level 10 in Fighting
  2438 | D        | Got the ring of Interdependent Arising {rN+ MP+9 Stlth+}
  2489 | D        | Learned a level 8 spell: Lehudib's Crystal Spear
  2492 | D        | Learned a level 2 spell: Blink
  2545 | D        | Noticed a lindwurm
  2546 | D        | Noticed Erolcha
  2549 | D        | Killed a lindwurm
  2549 | D        | Identified Waenie's Volume of Bewitching Transmutation (Sif
                  | Muna gifted it to you in the Dungeon)
  2549 | D        | Received a gift from Sif Muna
  2550 | D        | Reached skill level 1 in Translocations
  2551 | D        | Killed Erolcha
  2552 | D        | Reached skill level 10 in Transmutations
  2552 | D        | Reached XP level 12. HP: 78/106 MP: 21/27
  2561 | D        | Learned a level 5 spell: Fireball
  2570 | D        | Noticed an alligator
  2575 | D        | Killed an alligator
  2576 | D        | Reached skill level 1 in Fire Magic
  2577 | D        | Reached skill level 19 in Earth Magic
  2742 | D        | Reached skill level 5 in Conjurations
  2756 | D        | Identified Ziefum's Papyrus of Classification (Sif Muna
                  | gifted it to you in the Dungeon)
  2756 | D        | Received a gift from Sif Muna
  3139 | D        | Noticed a purple draconian
  3139 | D        | Noticed a red draconian
  3139 | D        | Noticed a storm dragon
  3139 | D        | Noticed a sphinx
  3143 | D        | Killed a sphinx
  3144 | D        | Identified Sif Muna's Almanac of Stones (Sif Muna gifted it
                  | to you in the Dungeon)
  3144 | D        | Received a gift from Sif Muna
  3145 | D        | Reached skill level 10 in Dodging
  3145 | D        | Reached skill level 5 in Translocations
  3160 | D        | Gained mutation: Your body sometimes deteriorates upon
                  | taking damage. [a neqoxec]
  3163 | D        | Killed a purple draconian
  3164 | D        | Reached skill level 5 in Fire Magic
  3164 | D        | Gained mutation: Scrolls take you a little longer to read.
                  | [a neqoxec]
  3167 | D        | Killed a storm dragon
  3179 | D        | Killed a red draconian
  3187 | D        | Got the Volume of Damaging Ignition
  3191 | D        | Got the ring of Yqegecop {*Drain rPois rC++}
  3590 | D        | Identified Sif Muna's Disquisition on Destructive Evil (Sif
                  | Muna gifted it to you in the Dungeon)
  3590 | D        | Received a gift from Sif Muna
  3593 | D        | Noticed a yaktaur captain
  3595 | D        | Received a gift from Sif Muna
  3596 | D        | Reached XP level 13. HP: 98/113 MP: 16/29
  3597 | D        | Noticed a minotaur
  3599 | D        | Noticed Azrael
  3600 | D        | Killed a minotaur
  3600 | D        | Identified the ring "Xalezami" {Will+ Str+6 Int+2}
  3601 | D        | Reached skill level 20 in Earth Magic
  3601 | D        | HP: 3/146 [Azrael/damnation (27)]
  3602 | D        | Killed Azrael
  3604 | D        | Noticed an ettin
  3609 | D        | Killed an ettin
  3609 | D        | Received a gift from Sif Muna
  3609 | D        | Noticed Donald
  3616 | D        | Killed Donald
  3894 | D        | Identified Ypeanlax's Guide on Shifting Calling (Sif Muna
                  | gifted it to you in the Dungeon)
  3894 | D        | Received a gift from Sif Muna
  4269 | D        | Reached skill level 1 in Shields
  4278 | D        | Noticed an orc warlord
  4283 | D        | Killed an orc warlord
  4283 | D        | Identified Sif Muna's Catalogue of Bewitchment and Darkness
                  | (Sif Muna gifted it to you in the Dungeon)
  4283 | D        | Received a gift from Sif Muna
  4291 | D        | Reached skill level 10 in Staves
  4293 | D        | Noticed an orc warlord
  4298 | D        | Killed an orc warlord
  4298 | D        | Noticed a deep elf blademaster
  4301 | D        | Killed a deep elf blademaster
  4304 | D        | Received a gift from Sif Muna
  4305 | D        | Reached skill level 5 in Shields
  4305 | D        | Reached skill level 21 in Earth Magic
  4310 | D        | Reached XP level 14. HP: 88/125 MP: 15/32
  4316 | D        | Identified Sif Muna's Papyrus of Creative Heat (Sif Muna
                  | gifted it to you in the Dungeon)
  4316 | D        | Received a gift from Sif Muna
  4429 | D        | Identified Huown's Volume of Darkness and Air (Sif Muna
                  | gifted it to you in the Dungeon)
  4429 | D        | Received a gift from Sif Muna
  4632 | D        | Got the +2 cloak "Umuohis" {Rampage *Drain rC+ Regen+}
  4719 | D        | Got the +9 long sword "Rimeul" {speed, rElec}
  4892 | D        | Reached skill level 1 in Long Blades
  4894 | D        | Noticed Boris
  4896 | D        | Noticed a lich
  4899 | D        | Noticed a lich
  4900 | D        | Killed a lich
  4902 | D        | Killed Boris
  4902 | D        | Killed a lich
  4902 | D        | Identified Sif Muna's Volume of Transformation and Battle
                  | Magic (Sif Muna gifted it to you in the Dungeon)
  4902 | D        | Received a gift from Sif Muna
  4903 | D        | Reached skill level 5 in Long Blades
  4903 | D        | Reached skill level 15 in Spellcasting
  4903 | D        | Reached skill level 10 in Conjurations
  4903 | D        | Noticed a green draconian monk
  4907 | D        | Reached skill level 10 in Fire Magic
  4912 | D        | Killed a green draconian monk
  4913 | D        | Noticed an ancient lich
  4919 | D        | Identified Erizob's Tome of Changing (Sif Muna gifted it to
                  | you in the Dungeon)
  4919 | D        | Received a gift from Sif Muna
  4920 | D        | Noticed a bone dragon
  4922 | D        | Killed from afar by an ancient lich

Illustrated notes

Levels and vault maps discovered:
D:        pitsprint [storerooms_1, entrance_room_1, metal_vault_8, armoury_1,
          mini_pit_1, grid_room_1, main_hall_1, silver_pit, the_coven_3,
          the_vestibule_1, steel_vault_1, golden_pit, hallway_of_sentries,
          crystal_vault_5, iron_vault_1, final_vault]

Skill      XL: |  1  2  3  4  5  6  7  8  9 10 11 12 13 14 |
---------------+-------------------------------------------+-----
Earth Magic    | 5 6 9 11 12 15 16 17 18 19 21 | 21.4
Invocations    | 2 6 9 11 12 13 | 13.3
Spellcasting   | 3 6 8 9 10 11 12 14 15 | 15.2
Conjurations   | 3 4 7 9 11 | 11.2
Transmutations | 3 6 8 10 11 13 14 | 14.0
Fighting       | 2 5 8 10 11 13 | 13.8
Staves         | 2 5 7 9 10 12 | 12.0
Dodging        | 3 5 7 9 10 12 13 | 13.9
Translocations | 2 6 8 |  8.3
Fire Magic     | 6 8 10 | 10.4
Shields        | 5 9 |  9.4
Long Blades    | 6 |  6.2
Stealth        | |  1.7

Action                   |  1- 3 |  4- 6 |  7- 9 | 10-12 | 13-15 || total
-------------------------+-------+-------+-------+-------+-------++-------
Melee: Unarmed           |    11 |       |       |       |       ||    11
       Tailslap          |     2 |       |     2 |     1 |       ||     5
       Quarterstaff      |    14 |     7 |    27 |     8 |       ||    56
       Staff             |       |       |       |       |     1 ||     1
 Cast: Sandblast         |    18 |    17 |     5 |       |     7 ||    47
       Lee's Rapid Decon |       |     3 |    23 |    74 |    96 ||   196
       Stone Arrow       |       |       |       |    20 |     8 ||    28
       Statue Form       |       |       |       |     7 |       ||     7
       Blink             |       |       |       |     2 |     1 ||     3
Invok: Channel Magic     |       |       |     3 |     7 |    12 ||    22
  Use: Potion            |     2 |     3 |       |     7 |     7 ||    19
       Scroll            |       |       |       |     3 |       ||     3
Armor: Skin              |     9 |     5 |    27 |    27 |    29 ||    97
Dodge: Dodged            |    25 |    13 |    51 |    50 |    40 ||   179
Block: Buckler           |       |       |       |       |     4 ||     4

Table legend: (Time is in decaauts)
 A = Elapsed time spent in this place.
 B = Non-inter-level travel time spent in this place.
 C = Inter-level travel time spent in this place.
 D = Time resting spent in this place.
 E = Time spent auto-exploring this place.
 F = Levels seen in this place.
 G = Mean time per level.
                   A        B        C        D        E       F      G
               +--------+--------+--------+--------+--------+-----+--------+
         Total |   5061 |   5059 |      2 |   3069 |      0 |   1 | 5061.0 |
       Dungeon |   5061 |   5059 |      2 |   3069 |      0 |   1 | 5061.0 |
               +--------+--------+--------+--------+--------+-----+--------+

Top non-repeatable levels by time:
       D: 5061 daAuts
